 Dungeon Crawl Stone Soup version 0.27.0-1-g7a089689b8 (webtiles) character file.

Game seed: 8470544058951986657

2 SnakkuSnakku7 the Caller (level 1, 0/14 HPs)
             Began as a Demigod Summoner on Aug 3, 2021.
             Slain by a hobgoblin (4 damage)
             ... on level 1 of the Dungeon.
             The game lasted 00:00:15 (49 turns).

SnakkuSnakku7 the Caller (Demigod Summoner)           Turns: 49, Time: 00:00:16

Health: 0/14       AC:  2    Str:  9    XL:     1   Next: 20%
Magic:  2/5        EV: 12    Int: 17    God:
Gold:   0          SH:  0    Dex: 14    Spells: 2/3 levels left

rFire    . . .     SeeInvis .   (no weapon)
rCold    . . .     Faith    .   (no shield)
rNeg     . . .     Spirit   .   a - +0 robe
rPois    .         Reflect  .   (no helmet)
rElec    .         Harm     .   (no cloak)
rCorr    .         Rampage  .   (no gloves)
Will     .....                  (no boots)
Stlth    ++........             (no amulet)
HPRegen  0.04/turn              (no ring)
MPRegen  0.09/turn              (no ring)

@: no status effects
A: high mp 1, forlorn
a: no special abilities


You were on level 1 of the Dungeon.
You visited 1 branch of the dungeon, and saw 1 of its levels.

Inventory:

Armour
 a - a +0 robe (worn)


   Skills:
 - Level 1.7 Dodging
 - Level 1.7 Stealth
 - Level 1.7 Spellcasting
 + Level 3.7 Summonings


You had 2 spell levels left.
You knew the following spells:

 Your Spells              Type           Power      Damage    Failure   Level
a - Summon Small Mammal   Summ           56%        N/A       4%          1

Your spell library contained the following spells:

 Spells                   Type           Power      Damage    Failure   Level
 Call Imp                 Summ           14%        N/A       6%          2
 Call Canine Familiar     Summ           14%        N/A       13%         3
 Summon Guardian Golem    Hex/Summ       7%         N/A       28%         3
 Summon Lightning Spire   Summ/Air       7%         N/A       67%         4


Dungeon Overview and Level Annotations

Branches:
Dungeon (1/15)


Innate Abilities, Weirdness & Mutations

Your attributes grow dramatically as you level up.
You have an increased reservoir of magic. (+10% MP)
You shall have no god before yourself.


Message History

Casting: Summon Small Mammal (safe; 4% risk of failure)
Confirm with . or Enter, or press ? or * to list all spells.
The bat closely misses your rat. x2; Your rat closely misses the bat.
The hobgoblin closely misses you.
Casting: Summon Small Mammal (safe; 4% risk of failure)
Confirm with . or Enter, or press ? or * to list all spells.
The bat hits your rat.
Your rat barely misses the bat.
The hobgoblin hits you but does no damage.
Your rat bites the hobgoblin but does no damage.
The bat hits your rat.
Your rat dies!
Your rat's corpse disappears in a puff of smoke!
The bat barely misses your rat.
Unknown command.
You hit the hobgoblin.
The hobgoblin is heavily wounded.
The bat barely misses your rat. The hobgoblin hits you.
The bat hits your rat but does no damage.
Your rat misses the bat. You closely miss the hobgoblin.
The hobgoblin is heavily wounded.
The bat barely misses your rat.
The bat hits your rat but does no damage.
Your rat misses the hobgoblin. The hobgoblin hits you.
* * * LOW HITPOINT WARNING * * *
The bat hits your rat but does no damage.
Your rat bites the hobgoblin.
Casting: Summon Small Mammal (safe; 4% risk of failure)
Confirm with . or Enter, or press ? or * to list all spells.
The bat barely misses something.
The hobgoblin barely misses you.
The bat hits something.
Your rat barely misses the hobgoblin.
Something closely misses your rat.
Your quokka barely misses the hobgoblin.
Your quokka closely misses the hobgoblin.
The bat closely misses your rat.
Your quokka barely misses the hobgoblin.
You hit the hobgoblin but do no damage.
The hobgoblin is heavily wounded.
The bat closely misses your rat. The hobgoblin hits you.
You die...

###### ##<...#
#..##...#
##..# ..#
#..## . #..#
## ##.## .#
#..### ###.#
#.†..###.@.#
##....##.g.##
##.....rr..#
##.......##
#.......#r..#
...#..##b...##
##...####.###
#### #.#
#......#


You could see a hobgoblin (ally target), a bat, a friendly quokka (summoned) and
2 friendly rats.

Vanquished Creatures
  A dart slug (D:1)
1 creature vanquished.

Notes
Turn   | Place    | Note
-------+----------+-------------------------------------------
     0 | D:1      | SnakkuSnakku7 the Demigod Summoner began the quest for the
                  | Orb.
     0 | D:1      | Reached XP level 1. HP: 14/14 MP: 5/5
    49 | D:1      | Slain by a hobgoblin

Illustrated notes

Levels and vault maps discovered:
D:1:      dpeg_arrival_round_b, layout_basic, serial_shops,
          nicolae_shop_behind_doors, hellmonk_ecumenical_altar_lost_god

Action                   || total
-------------------------++-------
Melee: Unarmed           ||    19
 Cast: Summon Small Mamm ||     5
Armor: Robe              ||     8
Dodge: Dodged            ||    24
